 Dungeon Crawl Stone Soup version 0.25.1-2-g60ff931df9 (webtiles) character file.

Game seed: 14415981301491331529

698 HawFromDerth the Ruffian (level 7, -3/56 HPs)
             Began as a Green Draconian Transmuter on Sept 21, 2020.
             Was a Follower of Makhleb.
             Slain by a gnoll sergeant
             ... wielding the +8 spear of the Ancient Violins {elec, rF+ MR+}
              (8 damage)
             ... on level 4 of the Dungeon.
             The game lasted 00:13:57 (6587 turns).

HawFromDerth the Ruffian (DrTm)                     Turns: 6587, Time: 00:13:58

Health: -3/56      AC: 12    Str: 14    XL:     7   Next: 38%
Magic:  5/12       EV: 21    Int: 13    God:    Makhleb [*.....]
Gold:   273        SH:  0    Dex: 18    Spells: 0/13 levels left

rFire    . . .     SeeInvis .     - Unarmed
rCold    . . .     Gourm    .   (shield currently unavailable)
rNeg     + + +     Faith    .   (armour unavailable)
rPois    +         Spirit   .   (helmet currently unavailable)
rElec    .         Reflect  .   (cloak currently unavailable)
rCorr    +         Harm     .   (gloves currently unavailable)
MR       .....                  (boots currently unavailable)
Stlth    ++........             (no amulet)
HPRegen  0.18/turn              b - +6 ring of dexterity
MPRegen  0.13/turn              d - ring of resist corrosion

@: fungus-form, very slightly contaminated
A: tiny, (breathe noxious fumes), unfitting armour, AC +6
a: Renounce Religion


You were on level 4 of the Dungeon.
You worshipped Makhleb.
Makhleb was aware of your devotion.
You were hungry.
You were a sentient fungus.
You visited 1 branch of the dungeon, and saw 4 of its levels.

You collected 273 gold pieces.

Inventory:

Hand Weapons
 h - a +1 short sword
 n - a +1 dagger of draining
 p - a +2 dagger of venom (melded)
Missiles
 a - 34 arrows
Jewellery
 b - a +6 ring of dexterity (left hypha)
 d - a ring of resist corrosion (right hypha)
Wands
 o - a wand of disintegration (15)
Scrolls
 e - 5 scrolls of identify
 g - a scroll of magic mapping
 i - a scroll of teleportation
 j - 2 scrolls of fog
Potions
 l - a potion of brilliance
 m - a potion of lignification {unknown}
Comestibles
 c - 3 rations


   Skills:
 + Level 2.3 Fighting
 + Level 3.4 Short Blades
 + Level 3.1 Dodging
 + Level 1.8 Stealth
 + Level 4.1 Unarmed Combat
 + Level 3.6 Spellcasting
 + Level 4.0 Transmutations
 + Level 1.1 Poison Magic


You couldn't memorise any spells.
You knew the following spells:

 Your Spells              Type           Power        Failure   Level  Hunger
a - Beastly Appendage     Tmut           ##....       4%          1    #......
b - Spider Form           Tmut/Pois      #.........   22%         3    ###....
c - Ice Form              Ice/Tmut       #.......     67%         4    #####..
d - Blade Hands           Tmut           ##........   75%         5    ######.

Your spell library contained the following spells:

 Spells                   Type           Power        Failure   Level  Hunger
 Sticks to Snakes         Tmut           ##......     6%          2    ##.....
 Apportation              Tloc           #.....       22%         1    #......


Dungeon Overview and Level Annotations

Branches:
Dungeon (4/15)             Temple (0/1) D:4

Altars:
Gozag
Kikubaaqudgha
Makhleb
Sif Muna
Vehumet
Xom
Zin

Annotations:
D:4 1 transporter, haesbaert's ghost, amateur DrWz


Innate Abilities, Weirdness & Mutations

((You can breathe blasts of noxious fumes.))
((Your lurid green scales are hard. (AC +6)))
You cannot fit into any form of body armour.
((Your system is resistant to poisons. (rPois)))
((You are cold-blooded and may be slowed by cold attacks.))


Message History

The gnoll sergeant barely misses you.
You release spores at the gnoll!
You kill the gnoll!
Makhleb accepts your kill.
The gnoll sergeant completely misses you.
You're too terrified to move while being watched!
You're too terrified to move while being watched!
Unknown command.
You're too terrified to move while being watched!
You're too terrified to move while being watched!
You're too terrified to move while being watched!
You're too terrified to move while being watched!
You're too terrified to move while being watched!
You're too terrified to move while being watched!
You're too terrified to move while being watched!
Haesbaert's ghost gestures wildly while chanting.
The gnoll sergeant hits you from afar with the +8 spear of the Ancient Violins {elec, rF+ MR+}.
* * * LOW HITPOINT WARNING * * *
You are electrocuted!
You die...

#...........................#.##
#.#####'#.≈≈≈≈≈≈≈≈≈≈≈≈≈≈≈≈≈.....
##.# #<#.≈≈≈≈≈≈≈≈≈≈≈≈≈≈≈≈≈...##
##.# ###.≈≈####.....####≈≈...#
##.#### #.≈≈#..#8###8#.g#≈≈...##
......# #.≈≈##.###.###.##≈≈.?...
.#.##.####.≈≈#...........#≈≈..###
......[....≈≈###)##g##.###≈≈.....
#..##.###..≈≈..#f#g..#.#..≈≈.####
#..##.# #..≈≈.##g#...#.##.≈≈.# #
..>##.# #..≈≈.#.g#.:.#.©#.≈≈.# #
.#.##.# ##.≈≈.##.#####.##.≈≈.# #
.#.##.# #.≈≈..#.#8⌠8#.#.....####
.#.##.# #.≈≈.©#.'.©.'.#©........
.#.##.# #.≈≈..#W#.).#.#......###
.#.##.####.≈≈.##5##.##.##.≈≈..#
.#.##......≈≈.#..#...#..#.≈≈..#


You could see a gnoll sergeant, haesbaert's ghost, 3 gnolls and a shadow imp
(summoned).

Vanquished Creatures
  A phantom (D:4)
  2 ogres (D:4)
  A centaur skeleton (D:4)
  2 orc priests
  4 orc wizards
  Terence (D:3)
  3 gnolls (D:4)
  9 adders
  3 oozes
  3 dart slugs
  A leopard gecko (D:1)
  13 orcs
  5 giant cockroaches
  4 hobgoblins
  7 jackals
  A quokka (D:4)
  A ball python (D:3)
  9 bats
  4 frilled lizards
  9 goblins
  8 kobolds
  9 rats
100 creatures vanquished.

Vanquished Creatures (others)
  5 dream sheep (D:4)
  6 plants (D:4)
11 creatures vanquished.

Grand Total: 111 creatures vanquished

Notes
Turn   | Place    | Note
-------+----------+-------------------------------------------
     0 | D:1      | HawFromDerth the Draconian Transmuter began the quest for
                  | the Orb.
     0 | D:1      | Reached XP level 1. HP: 16/16 MP: 3/3
   411 | D:1      | Reached XP level 2. HP: 23/23 MP: 3/5
  1135 | D:2      | Found a faded altar of an unknown god.
  1174 | D:2      | Reached XP level 3. HP: 22/28 MP: 4/6
  1179 | D:2      | Learned a level 3 spell: Spider Form
  1366 | D:2      | Reached skill level 1 in Short Blades
  1908 | D:2      | Found an opulent altar of Gozag.
  1945 | D:2      | Found a burning altar of Makhleb.
  1946 | D:2      | Found a glowing silver altar of Zin.
  1947 | D:2      | Noticed an angel
  1949 | D:2      | Noticed a cacodemon
  1976 | D:2      | Became a worshipper of Makhleb the Destroyer
  2000 | D:2      | Reached XP level 4. HP: 35/35 MP: 5/7
  3233 | D:3      | Reached XP level 5. HP: 39/40 MP: 9/9
  3564 | D:3      | Noticed Terence
  3604 | D:3      | Killed Terence
  3674 | D:3      | Reached * piety under Makhleb
  4755 | D:4      | Identified the +8 spear of the Ancient Violins {elec, rF+
                  | MR+}
  4755 | D:4      | Identified the +3 ring mail of the Camelopard {rElec MR+}
  4755 | D:4      | Identified the cursed -1 kite shield "Jeexzidu" {+Blink
                  | Str+5}
  4769 | D:4      | Reached XP level 6. HP: 48/48 MP: 6/10
  4999 | D:4      | Reached skill level 1 in Stealth
  5064 | D:4      | Your scales start taking on a lurid green colour.
  5064 | D:4      | Reached skill level 1 in Poison Magic
  5064 | D:4      | Reached XP level 7. HP: 45/55 MP: 3/12
  5064 | D:4      | Gained mutation: Your system is resistant to poisons.
                  | (rPois) [Green Draconian growth]
  5338 | D:4      | Noticed a dream sheep
  5338 | D:4      | Noticed a dream sheep
  5338 | D:4      | Noticed a dream sheep
  5338 | D:4      | Noticed a dream sheep
  5338 | D:4      | Noticed a dream sheep
  5338 | D:4      | Found a shimmering altar of Xom.
  5344 | D:4      | Killed a dream sheep
  5344 | D:4      | Killed a dream sheep
  5345 | D:4      | Killed a dream sheep
  5345 | D:4      | Killed a dream sheep
  5346 | D:4      | Killed a dream sheep
  5414 | D:4      | Found a staircase to the Ecumenical Temple.
  5618 | D:4      | Noticed haesbaert's ghost (amateur DrWz)
  5717 | D:4      | Found a transporter.
  5727 | D:4      | Learned a level 4 spell: Ice Form
  5733 | D:4      | Learned a level 5 spell: Blade Hands
  5739 | D:4      | Found a transporter.
  6310 | D:4      | Found an ancient bone altar of Kikubaaqudgha.
  6310 | D:4      | Found a shimmering blue altar of Sif Muna.
  6312 | D:4      | Found a radiant altar of Vehumet.
  6316 | D:4      | Identified Sif Muna's Papyrus of Translocation
  6587 | D:4      | Slain by a gnoll sergeant

Illustrated notes

Levels and vault maps discovered:
D:1:      dpeg_arrival_tiny_b, layout_rooms
D:2:      layout_loops_ring, lemuel_crystal_altar,
          grunt_temple_overflow_order_and_chaos_2,
          chequers_ecumenical_altar_simple
D:3:      layout_basic, hangedman_glass_teeth, uniq_terence
D:4:      layout_basic, grunt_temple_overflow_magic_moments,
          minmay_temple_entry_butterflies, gammafunk_ghost_gnarly_gnolls,
          first_ration, kb_xom_exploding_sheep

Skill      XL: |  1  2  3  4  5  6  7 |
---------------+----------------------+-----
Dodging        | 2 3 |  3.1
Short Blades   | 1 2 3 |  3.4
Transmutations | 3 4 |  4.0
Spellcasting   | 3 |  3.6
Fighting       | 2 |  2.3
Stealth        | 1 |  1.8
Poison Magic   | 1 |  1.1
Unarmed Combat | 4 |  4.1

Action                   |  1- 3 |  4- 6 |  7- 9 || total
-------------------------+-------+-------+-------++-------
Melee: Unarmed           |    39 |    33 |    26 ||    98
       Headbutt          |     7 |     3 |     2 ||    12
       Kick              |    14 |    12 |     3 ||    29
       Tailslap          |     9 |    14 |     6 ||    29
       Short sword       |    90 |   126 |       ||   216
       Punch             |     2 |     1 |       ||     3
       Dagger            |       |    24 |    43 ||    67
 Cast: Beastly Appendage |    24 |    20 |     7 ||    51
       Spider Form       |       |     6 |     3 ||     9
  Use: Scroll            |     6 |       |     2 ||     8
       Potion            |     2 |     4 |       ||     6
 Stab: Confused          |       |       |     1 ||     1
       Sleeping          |       |       |     1 ||     1
  Eat: Ration            |     2 |     2 |     1 ||     5
       Chunk             |     1 |       |     2 ||     3
Armor: Skin              |    48 |    41 |    24 ||   113
Dodge: Dodged            |    96 |   128 |    71 ||   295
